 Dungeon Crawl Stone Soup version 0.28.0-43-g3370ac3207 (webtiles) character file.

Game seed: 3252780902040865074

33 Icepheonix32 the Sneak (level 3, -3/29 HPs)
             Began as a Demonspawn Delver on Mar 5, 2022.
             Slain by an orc priest
             ... wielding a +0 dagger
              (4 damage)
             ... on level 4 of the Dungeon.
             The game lasted 00:01:06 (291 turns).

Icepheonix32 the Sneak (Demonspawn Delver)           Turns: 291, Time: 00:01:06

Health: -3/29      AC:  4    Str: 14    XL:     3   Next: 12%
Magic:  3/3        EV: 11    Int: 11    God:
Gold:   17         SH:  0    Dex: 14    Spells: 2/2 levels left

rFire   . . .      SeeInvis .   j - +0 great sword
rCold   . . .      Faith    .   (shield currently unavailable)
rNeg    . . .      Spirit   .   b - +0 leather armour
rPois   .          Reflect  .   (no helmet)
rElec   .          Harm     .   (no cloak)
rCorr   .          Rampage  .   h - +0 pair of gloves
Will    .....                   (no boots)
Stlth   +++.......              (no amulet)
HPRegen 0.09/turn               (no ring)
MPRegen 0.08/turn               (no ring)

@: hasted, very quick
A: demonic guardian 1
a: no special abilities


You were on level 4 of the Dungeon.
You visited 1 branch of the dungeon, and saw 2 of its levels.

You collected 17 gold pieces.

Inventory:

Hand Weapons
 a - a +0 falchion
 j - a +0 great sword (weapon)
Armour
 b - a +0 leather armour (worn)
 h - a +0 pair of gloves (worn)
Wands
 g - a wand of digging (3)
Scrolls
 c - a scroll of fog
 d - a scroll of magic mapping
 e - a scroll of fear
 i - a scroll of acquirement {unknown}


   Skills:
 + Level 3.2 Fighting
 + Level 2.1 Long Blades
 + Level 0.1 Armour
 + Level 1.8 Dodging
 + Level 5.1 Stealth


You had 2 spell levels left.
You didn't know any spells.
Your spell library was empty.

Dungeon Overview and Level Annotations

Branches:
Dungeon (5/15)
 Temple: D:4-7

Altars:


Innate Abilities, Weirdness & Mutations

A weak demonic guardian rushes to your aid.


Message History

You feel yourself speed up.
You slash the orc wizard!
The orc wizard is severely wounded.
The orc wizard hits you with a +0 dagger.
* * * LOW HITPOINT WARNING * * *
You hit the orc wizard but do no damage.
The orc wizard is severely wounded.
The orc wizard hits you but does no damage.
You slash the orc wizard!
You kill the orc wizard!
The orc priest closely misses you.
Your Long Blades skill increases to level 2!
Your Stealth skill increases to level 5!
You have reached level 2!
Your demonic ancestry asserts itself...
You feel the presence of a demonic guardian.
You have reached level 3!
Your experience leads to an increase in your attributes!
Increase (S)trength, (I)ntelligence, or (D)exterity?
You feel stronger. x2
You barely miss the orc priest. The orc barely misses you.
The orc priest hits you but does no damage.
You barely miss the orc priest.
The orc hits you from afar with a +0 trident.
* * * LOW HITPOINT WARNING * * *
The orc priest begins to cast a cantrip, but forgets the words!
You barely miss the orc priest. The orc barely misses you.
The orc priest begins to cast a cantrip, but forgets the words!
You hit the orc priest.
The orc priest is moderately wounded.
The orc barely misses you.
The orc priest hits you with a +0 dagger.
* * * LOW HITPOINT WARNING * * *
A demonic guardian appears!
You barely miss the orc priest.
The orc priest is moderately wounded.
The orc hits you from afar with a +0 trident.
* * * LOW HITPOINT WARNING * * *
The orc priest hits you with a +0 dagger.
You die...

#####.#.#
........#
......#
####....#
........#
###....>#
......oo#
....#.#o#
### #.#@#
. #5# ..
#.# ..
#.# #.#
#.# #.#
#.# #.#


You could see 2 orc priests, an orc and a friendly shadow imp (summoned).

Vanquished Creatures
  An orc wizard (D:4)
  A white imp (D:5)
2 creatures vanquished.

Notes
Turn   | Place    | Note
-------+----------+-------------------------------------------
     0 | D:5      | Icepheonix32 the Demonspawn Delver began the quest for the
                  | Orb.
     0 | D:5      | Reached XP level 1. HP: 18/18 MP: 1/1
   262 | D:5      | Noticed a phantom
   279 | D:4      | Noticed an orc priest
   279 | D:4      | Noticed an orc priest
   279 | D:4      | Noticed an orc wizard
   286 | D:4      | Killed an orc wizard
   287 | D:4      | Reached skill level 5 in Stealth
   287 | D:4      | Gained mutation: A weak demonic guardian rushes to your
                  | aid. [demonic ancestry]
   287 | D:4      | Reached XP level 2. HP: 5/24 MP: 2/2
   287 | D:4      | Reached XP level 3. HP: 7/29 MP: 3/3
   291 | D:4      | HP: 1/29 [orc/+0 trident (2)]
   291 | D:4      | Slain by an orc priest

Illustrated notes

Levels and vault maps discovered:
D:4:      minmay_opposing_rooms, layout_basic
D:5:      layout_rooms, grunt_temple_overflow_cloverleaf

Skill      XL: |  1 |
---------------+----+-----
Long Blades    | 2 |  2.1
Stealth        | 5 |  5.1
Fighting       | |  3.2
Armour         | |  0.1
Dodging        | |  1.8

Action                   || total
-------------------------++-------
Melee: Great sword       ||    13
  Use: Potion            ||     1
Armor: Leather armour    ||     3
Dodge: Dodged            ||    11
